AoeStats
← [CL] Al3jandr0.magn00

Arabia

508060357Analyzed
1v1 RM · 10d ago on Sep 20, 2026· 33m 14s· 2 players
Game mode
Random Map
Map size
Tiny (2 player)
Population
200
Speed
Normal
Resources
Standard
Victory
Conquest
Starting age
Dark Age
Ending age
Imperial Age
RankedLock teamsTeams togetherTeam positionsShared explorationLock speedFull tech treeHidden civsTurbo modeCheats
Victory
Defeat
🇹🇷 Italians · Türkiye
2122
+8
🇦🇷 Khmer · Argentina
1928
-8
Barış Manço
6:32 Loom
9:08 Feudal Age
9:46 Double-Bit Axe
11:49 Wheelbarrow
15:56 Fletching
20:56 Castle Age
19:52 Padded Archer Armor
19:45 Horse Collar
20:33 Arson
21:01 Crossbowman
21:37 Bodkin Arrow
22:01 Bow Saw
24:23 Town Watch
25:06 Ballistics
25:04 Leather Archer Armor
29:09 Elite Skirmisher
32:47 Heavy Plow
[CL] Al3jandr0.magn00
6:33 Loom
8:49 Feudal Age
9:23 Double-Bit Axe
19:57 Castle Age
18:16 Padded Archer Armor
18:50 Fletching
20:03 Gold Mining
19:54 Horse Collar
20:36 Bodkin Arrow
20:10 Elite Skirmisher
21:26 Leather Archer Armor
21:39 Town Watch
24:17 Scale Barding Armor
24:15 Husbandry
27:16 Ballistics
Connection lost

Rejoining the realm…

Still unreachable

The connection could not be restored.

Session expired

The server has moved on; the page needs a fresh start.